Map: Odyssée EC

Players

zidar - Winner!

  • Race: Zerg Zerg
  • Spawn Location: 5:00

VOD

Have the link to the VOD?

Description

Time

  • Played on: July 23, 2017, 12:06 p.m.
  • Length: 12:44
Show
View Real Time Build Order
Export as new Build Order

zidar Zerg - Winner!

Build Orders: Pool First 

Get SALT Encoding   

  12  0:05  Drone  
  12  0:12  Overlord  
  12  0:17  Drone  
  12  0:30  Drone  
  12  0:33  Drone  
  12  0:37  Drone  
  12  0:50  Spawning Pool, Drone  
  12  1:29  Hatchery  
  12  1:35  Extractor  
  12  1:37  Drone  
  12  1:42  Hatchery  
  12  1:43  Drone  
  12  1:53  Queen  
  12  2:29  Queen  
  12  2:48  Zergling x2  
  12  2:49  Zergling x4  
  12  2:51  Drone x2  
  12  2:54  Metabolic Boost  
  12  3:03  Drone x6  
  12  3:07  Overlord  
  12  3:20  Drone x3  
  12  3:31  Queen  
  12  3:33  Drone x3  
  12  3:41  Overlord  
  12  3:43  Overlord  
  12  3:48  Queen  
  12  4:18  Drone x10  
  12  4:22  Overlord x3  
  12  4:46  Drone x4  
  12  4:47  Drone  
  12  4:55  Extractor  
  12  4:59  Extractor  
  12  5:32  Roach Warren  
  12  5:36  Extractor  
  12  6:11  Extractor  
  12  6:15  Extractor  
  12  6:39  Drone x8  
  12  6:42  Drone x2  
  12  6:51  Lair  
  12  7:21  Evolution Chamber  
  12  7:24  Evolution Chamber  
  12  7:41  Drone x4  
  12  7:42  Drone x9  
  12  7:43  Drone x2  
  12  7:57  Zerg Missile Weapons Level 1, Zerg Melee Weapons Level 1  
  12  8:13  Infestation Pit  
  12  8:16  Zergling x4  
  12  8:17  Zergling x16  
  12  8:31  Spire  
  12  8:41  Hydralisk Den  
  12  8:54  Hatchery  
  12  9:07  Hatchery  
  12  9:13  Hive  
  12  9:21  Zergling x8  
  12  9:54  Zerg Melee Weapons Level 2  
  12  9:55  Zerg Ground Armor Level 1  
  12  9:58  Zerg Flyer Weapons Level 1  
  12  10:05  Hydralisk x2  
  12  10:06  Overlord  
  12  10:07  Overlord x5  
  12  10:13  Muscular Augments  
  12  10:20  Drone  
  12  10:21  Drone x2  
  12  10:22  Drone  
  12  10:41  Hydralisk x10  
  12  10:42  Hydralisk x13  
  12  11:12  Zergling x6  
  12  11:13  Zergling x6  
  12  11:16  Overlord  
  12  11:17  Overlord x8  
  12  12:03  Ultralisk Cavern  
Tags
 
Add a new tag
Caveats
  • Supply blocks, unpowered buildings, or Contaminate may cause inaccurate times.
  • Supply counts are checked every 10 seconds.